 Dungeon Crawl Stone Soup version 0.26-a0-651-gb41185065b (webtiles) character file.

Game seed: 16448663328237321822

18245 Flugslaktarn the Cleaver (level 12, -43/116 HPs)
             Began as a Deep Dwarf Fighter on Oct 12, 2020.
             Was an Elder of Makhleb.
             Annihilated by a titanic slime creature (77 damage)
             ... on level 12 of the Dungeon.
             The game lasted 00:05:33 (7766 turns).

Flugslaktarn the Cleaver (Deep Dwarf Fighter)       Turns: 7766, Time: 00:05:33

Health: -43/116    AC: 23    Str: 22    XL:     12   Next: 26%
Magic:  25/25 (15) EV:  8    Int: 14    God:    Makhleb [****..]
Gold:   929        SH: 16    Dex: 25    Spells: 11/11 levels left

rFire    . . .     SeeInvis .   E - +6 war axe of Naro {drain, Dex+4}
rCold    . . .     Faith    .   j - +0 tower shield
rNeg     . . .     Spirit   .   B - +0 plate armour
rPois    .         Reflect  .   G - +3 hat of Pondering {ponderous, MR+ MP+10 Int+5}
rElec    .         Harm     .   u - +1 cloak
rCorr    .         Rampage  .   v - +0 pair of gloves
MR       +++..                  p - +1 pair of boots
Stlth    ..........             (no amulet)
HPRegen  0.00/turn              y - +6 ring of dexterity
MPRegen  0.19/turn              m - ring of protection from magic

@: non-regenerating, slow
A: damage resistance, heal wounds, sense surroundings 2, no regeneration
a: Heal Wounds, Minor Destruction, Lesser Servant of Makhleb, Major Destruction,
Renounce Religion


You were on level 12 of the Dungeon.
You worshipped Makhleb.
Makhleb was greatly pleased with you.
You visited 2 branches of the dungeon, and saw 13 of its levels.

You collected 929 gold pieces.

Inventory:

Hand Weapons
 D - a +3 broad axe
   (You took it off Blork the orc on level 5 of the Dungeon)
 E - the +6 war axe of Naro (weapon) {drain, Dex+4}
   (You found it on level 10 of the Dungeon)

   A truly terrible weapon, it drains the life of those it strikes.
   It affects your dexterity (+4).
Missiles
 f - 2 throwing nets (quivered)
Armour
 b - a +0 kite shield
 j - a +0 tower shield (worn)
   (You found it on level 6 of the Dungeon)
 p - a +1 pair of boots (worn)
   (You found it on level 4 of the Dungeon)
 u - a +1 cloak (worn)
   (You found it on level 5 of the Dungeon)
 v - a +0 pair of gloves (worn)
   (You found it on level 5 of the Dungeon)
 B - a +0 plate armour (worn)
   (You took it off an orc warrior on level 8 of the Dungeon)
 C - a +0 helmet
   (You found it on level 9 of the Dungeon)
 G - the +3 hat of Pondering (worn) {ponderous, MR+ MP+10 Int+5}
   (You took it off Gastronok on level 11 of the Dungeon)

   It affects your intelligence (+5).
   It affects your resistance to hostile enchantments.
   It affects your magic capacity (+10).
Jewellery
 c - an uncursed ring of protection from cold
   (You found it on level 8 of the Dungeon)
 h - a +4 ring of evasion {unknown}
   (You found it on level 11 of the Dungeon)
 k - an uncursed ring of resist corrosion
   (You found it on level 4 of the Dungeon)
 m - a ring of protection from magic (right hand)
   (You found it on level 7 of the Dungeon)
 y - a +6 ring of dexterity (left hand)
   (You found it on level 7 of the Dungeon)
Wands
 g - a wand of digging (23)
   (You took it off Blork the orc on level 5 of the Dungeon)
Scrolls
 l - 2 scrolls of magic mapping
 t - a scroll of teleportation
 x - 5 scrolls of remove curse
 z - a scroll of blinking
Potions
 a - a potion of berserk rage
 d - a potion of might
 e - a potion of cancellation
 i - a potion of degeneration {unknown}
 n - 2 potions of mutation {unknown}
 q - 4 potions of curing
 s - 3 potions of lignification
 w - 2 potions of heal wounds
 A - 2 potions of haste {unknown}
 F - a potion of flight {unknown}


   Skills:
 * Level 10.1 Fighting
 * Level 11.5 Axes
 + Level 8.7 Armour
 + Level 7.3 Dodging
 - Level 4.3 Shields
 + Level 8.9 Invocations
 + Level 8.6 Evocations


You had 11 spell levels left.
You didn't know any spells.
Your spell library was empty.

Dungeon Overview and Level Annotations

Branches:
Dungeon (12/15)            Temple (1/1) D:5            Lair (0/6) D:8
    Orc (0/2) D:12

Altars:
Ashenzari
Cheibriados
Dithmenos
Elyvilon
Fedhas
Gozag
Hepliaklqana
Makhleb
Nemelex Xobeh
Okawaru
Qazlal
Ru
Sif Muna
Trog
Uskayaw
Vehumet
Wu Jian
Xom
Yredelemnul
The Shining One

Shops:
D:4 *

Portals:
Trove: D:11 (give +3 storm dragon scales)


Innate Abilities, Weirdness & Mutations

You are resistant to damage.
You can heal yourself by infusing magical energy.
You passively map the area around you.
You do not regenerate.


Message History

The red ugly thing barely misses you.
You hit the red ugly thing.
You kill the red ugly thing!
Makhleb accepts your kill.
Two slime creatures merge to form an enormous slime creature.
You slash the enormous slime creature! You drain the enormous slime creature.
The enormous slime creature is lightly wounded.
Two slime creatures merge to form a titanic slime creature.
You hit the titanic slime creature.
The titanic slime creature is lightly wounded.
The titanic slime creature hits you!!!!
Ouch! That really hurt!
* * * LOW HITPOINT WARNING * * *
You are too injured to fight recklessly!
You are too injured to fight recklessly!
You are too injured to fight recklessly!
You are too injured to fight recklessly!
You feel much better. The titanic slime creature hits you!!!!
Ouch! That really hurt!
You die...

* * # ###, # #######
,...# ***, # #<<...#
..... * ########
#.###.####......, *
.......#
#.#...@JO)...... ,
.......#
#.#.#.####.....#
.......# #.....#
###.# ** .......#
#.##### * ,
.......####.##### * *
* .......##.......# *
* .......##.#.###.# ,
,, *
.......##.#.##..# *
.......##>#.#...####,
, **


You could see a titanic slime creature (drained) and a two-headed ogre.

Vanquished Creatures
  Gastronok (D:11)
  The ghost of Zitorizoch the Destroyer, a journeyman DrCj of Vehumet (D:11)
  Erolcha (D:9)
  The ghost of kae the Grappler, a journeyman DrTm of Wu Jian (D:10)
  A two-headed ogre (D:12)
  4 skeletal warriors (D:10)
  2 unseen horrors
  Pikel (D:6)
  3 ugly things
  A cyclops (D:11)
  2 centaur skeletons
  Maggie (D:6)
  3 trolls
  A hornet (D:11)
  2 hippogriffs
  Prince Ribbit (D:9)
  A shadow (D:11)
  A basilisk (D:12)
  3 yaks (D:12)
  3 wraiths
  A water moccasin (D:11)
  7 orc warriors
  A black bear (D:8)
  2 sky beasts
  2 ice beasts
  A necrophage (D:11)
  A phantom (D:6)
  8 ogres
  4 centaurs
  4 lemures
  A big kobold (D:11)
  Blork the orc (D:5)
  8 bullfrogs
  2 scorpions
  5 killer bees (D:10)
  7 wights
  3 howler monkeys (D:7)
  2 quasits
  3 bullfrog zombies
  A centaur zombie (D:11)
  2 hounds
  2 gnoll shamans
  9 orc priests
  7 orc wizards
  2 bullfrog skeletons
  7 iguanas
  10 worker ants
  A hound skeleton (D:4)
  2 hound zombies
  A mummy (D:11)
  A worker ant zombie (D:11)
  A howler monkey zombie (D:10)
  13 adders
  11 gnolls
  3 white imps
  4 ufetubi
  An ooze (D:2)
  3 adder zombies
  2 adder skeletons
  3 worms (D:2)
  5 leopard geckos
  35 orcs
  2 giant cockroaches (D:7)
  3 hobgoblins
  5 jackals
  7 quokkas
  2 ball pythons
  2 bats (D:2)
  2 goblins (D:2)
  4 kobolds
  A quokka skeleton (D:4)
  A quokka zombie (D:5)
  3 rats (D:2)
255 creatures vanquished.

Vanquished Creatures (collateral kills)
  A hydra (D:10)
1 creature vanquished.

Vanquished Creatures (others)
  5 plants
5 creatures vanquished.

Grand Total: 261 creatures vanquished

Notes
Turn   | Place    | Note
-------+----------+-------------------------------------------
     0 | D:1      | Flugslaktarn the Deep Dwarf Fighter began the quest for the
                  | Orb.
     0 | D:1      | Reached XP level 1. HP: 20/20 MP: 1/1
   112 | D:2      | Reached XP level 2. HP: 21/27 MP: 2/2
   313 | D:3      | Reached XP level 3. HP: 20/34 MP: 3/3
   361 | D:3      | Reached skill level 3 in Axes
   394 | D:4      | Found a stormy altar of Qazlal.
   401 | D:4      | Found a hide-covered altar of Uskayaw.
   423 | D:4      | Found a white marble altar of Elyvilon.
   445 | D:4      | Reached XP level 4. HP: 31/42 MP: 4/4
   478 | D:4      | Reached XP level 5. HP: 34/50 MP: 5/5
   510 | D:4      | Found Vuangec's Serpentskin Sales.
   658 | D:4      | Reached skill level 4 in Axes
  1285 | D:5      | Entered Level 5 of the Dungeon
  1311 | D:5      | Noticed Blork the orc
  1340 | D:5      | Killed Blork the orc
  1340 | D:5      | Reached XP level 6. HP: 33/58 MP: 5/5
  1366 | D:5      | Found a staircase to the Ecumenical Temple.
  1389 | Temple   | Entered the Ecumenical Temple
  1508 | Temple   | Became a worshipper of Makhleb the Destroyer
  1580 | D:5      | Found a burning altar of Makhleb.
  2075 | D:6      | Reached skill level 5 in Axes
  2075 | D:6      | Reached skill level 1 in Dodging
  2075 | D:6      | Reached skill level 1 in Invocations
  2075 | D:6      | Reached skill level 1 in Evocations
  2075 | D:6      | Reached XP level 7. HP: 33/66 MP: 5/7
  2078 | D:6      | Reached * piety under Makhleb
  2135 | D:6      | Reached skill level 5 in Fighting
  2139 | D:6      | Found an iron altar of Okawaru.
  2230 | D:6      | Noticed Pikel
  2282 | D:6      | Killed Pikel
  2282 | D:6      | Reached skill level 6 in Axes
  2282 | D:6      | Reached skill level 5 in Armour
  2282 | D:6      | Reached XP level 8. HP: 55/76 MP: 7/9
  2410 | D:6      | Noticed Maggie
  2429 | D:6      | Killed Maggie
  2831 | D:6      | Reached skill level 7 in Axes
  3100 | D:7      | Found a broken altar of Ashenzari.
  3137 | D:7      | Gained mutation: You passively map the area around you.
                  | [Deep Dwarf growth]
  3137 | D:7      | Reached XP level 9. HP: 66/84 MP: 10/10
  3212 | D:7      | Reached ** piety under Makhleb
  3606 | D:7      | Reached skill level 5 in Invocations
  3900 | D:7      | Found a basalt altar of Yredelemnul.
  3976 | D:7      | Found a sparkling altar of Nemelex Xobeh.
  4118 | D:8      | Reached skill level 5 in Evocations
  4120 | D:8      | Reached skill level 8 in Axes
  4150 | D:8      | Found a staircase to the Lair.
  4210 | D:8      | Reached *** piety under Makhleb
  4228 | D:8      | Found a glowing golden altar of the Shining One.
  4317 | D:8      | Found a sacrificial altar of Ru.
  4317 | D:8      | Found a shimmering blue altar of Sif Muna.
  4420 | D:8      | Reached XP level 10. HP: 74/94 MP: 12/12
  4687 | D:9      | Noticed Prince Ribbit
  4747 | D:9      | Found a hazy altar of Hepliaklqana.
  4887 | D:9      | Noticed Erolcha
  4894 | D:9      | Reached skill level 5 in Dodging
  4901 | D:9      | Killed Erolcha
  4901 | D:9      | Reached **** piety under Makhleb
  4901 | D:9      | Reached skill level 9 in Axes
  4917 | D:9      | Killed Prince Ribbit
  5195 | D:10     | Entered Level 10 of the Dungeon
  5224 | D:10     | Found a radiant altar of Vehumet.
  5499 | D:10     | Found a runed translucent gate.
  5501 | D:10     | Found a runed translucent gate.
  5502 | D:10     | Found a runed translucent gate.
  5505 | D:10     | Noticed kae's ghost (journeyman DrTm)
  5559 | D:10     | Noticed a nine-headed hydra
  5601 | D:10     | Killed a nine-headed hydra
  5622 | D:10     | Killed kae's ghost
  5646 | D:10     | Got a shimmering war axe
  5647 | D:10     | Identified the +6 war axe of Naro {drain, Dex+4} (You found
                  | it on level 10 of the Dungeon)
  5793 | D:10     | Noticed a skeletal warrior
  5795 | D:10     | Noticed a skeletal warrior
  5795 | D:10     | Noticed a skeletal warrior
  5795 | D:10     | Noticed a skeletal warrior
  5817 | D:10     | Killed a skeletal warrior
  5817 | D:10     | Reached skill level 10 in Axes
  5817 | D:10     | Reached XP level 11. HP: 91/104 MP: 13/13
  5818 | D:10     | Killed a skeletal warrior
  5825 | D:10     | Killed a skeletal warrior
  5828 | D:10     | Killed a skeletal warrior
  6095 | D:11     | Noticed Gastronok
  6123 | D:11     | Killed Gastronok
  6316 | D:11     | Killed an unseen horror
  6320 | D:11     | Found a large runed translucent door.
  6320 | D:11     | Found a large runed translucent door.
  6337 | D:11     | Noticed Zitorizoch's ghost (journeyman DrCj)
  6527 | D:11     | Noticed a red ugly thing
  6543 | D:11     | Killed a red ugly thing
  6543 | D:11     | Reached skill level 11 in Axes
  6718 | D:11     | Found a portal to a secret trove of treasure.
  7394 | D:11     | Killed Zitorizoch's ghost
  7394 | D:11     | Reached XP level 12. HP: 96/116 MP: 15/15
  7679 | D:12     | Reached skill level 10 in Fighting
  7741 | D:12     | Noticed a two-headed ogre
  7744 | D:12     | Noticed a two-headed ogre
  7748 | D:12     | Killed a two-headed ogre
  7766 | D:12     | Annihilated by a titanic slime creature

Illustrated notes

Levels and vault maps discovered:
D:1:      minmay_arrival_loop, layout_loops_ring, minmay_curled_crystal
D:2:      layout_loops_cross, zin_treasury, lemuel_round_altar,
          chequers_ecumenical_altar_grove, minmay_pentomino_z4, uniq_jessica
D:3:      layout_loops_ring, minmay_distorted, uniq_terence
D:4:      layout_loops_corners, elyvilon_altar_4,
          amethyst_overflow_temple_binary, guppyfry_shop_venom
D:5:      layout_loops_ring, minmay_temple_entry_glass, basic_altar,
          serial_glass, glass_columns_a, glass_columns_b, due_unseen_surprise,
          item_on_display_a, uniq_blork_the_orc
D:6:      layout_layer_cave, okawaru_gym_becter, serial_bayou_crossing,
          uniq_pikel, uniq_maggie
D:7:      layout_layer_cave, nemelex_xobeh_ov_fountains_minmay,
          overflow_temple_1_default, ashenzari_altar_1, hex_large
D:8:      layout_cave_pools, old_standard_altar, gammafunk_temple_overflow_wave,
          lair_entry_dummy
D:9:      layout_rooms, lemuel_round_altar, uniq_prince_ribbit1, uniq_erolcha
D:10:     layout_stronghold, gammafunk_ghost_hydra_chop, basic_altar,
          hangedman_decor_diamond_cutter
D:11:     layout_layer_cave, serial_undead, serial_undead_f, serial_undead_c,
          serial_undead_d, serial_undead_f, enter_trove_6,
          ebering_ghost_disaster_area, uniq_gastronok
D:12:     layout_loops_corners, erik_orc_2
Temple:   nicolae_temple_figure_zero

Skill      XL: |  1  2  3  4  5  6  7  8  9 10 11 12 |
---------------+-------------------------------------+-----
Fighting       | 3 4 5 6 7 8 9 10 | 10.1
Axes           | 3 4 5 6 7 8 10 11 | 11.5
Armour         | 4 5 6 7 8 |  8.7
Shields        | 4 |  4.3
Dodging        | 1 2 3 4 5 7 |  7.3
Invocations    | 1 3 4 5 7 8 |  8.9
Evocations     | 1 3 4 5 6 8 |  8.6

Action                   |  1- 3 |  4- 6 |  7- 9 | 10-12 || total
-------------------------+-------+-------+-------+-------++-------
Melee: War axe           |    82 |    92 |       |   222 ||   396
       Broad axe         |       |    51 |   288 |   146 ||   485
Invok: Lesser Servant of |       |       |       |     8 ||     8
 Abil: Heal Wounds       |     1 |     6 |     6 |    14 ||    27
Evoke: Wand              |       |       |       |     5 ||     5
  Use: Potion            |       |     1 |       |       ||     1
       Scroll            |       |       |    17 |     2 ||    19
Armor: Chain mail        |    50 |    83 |   159 |       ||   292
       Plate armour      |       |       |    57 |   249 ||   306
Dodge: Dodged            |     9 |    38 |    68 |    81 ||   196
Block: Kite shield       |    49 |    72 |    23 |       ||   144
       Tower shield      |       |       |   268 |   361 ||   629

Table legend: (Time is in decaauts)
 A = Elapsed time spent in this place.
 B = Non-inter-level travel time spent in this place.
 C = Inter-level travel time spent in this place.
 D = Time resting spent in this place.
 E = Time spent auto-exploring this place.
 F = Levels seen in this place.
 G = Mean time per level.
                   A        B        C        D        E       F      G
               +--------+--------+--------+--------+--------+-----+--------+
         Total |   8189 |   7558 |    631 |      0 |   5532 |  13 |  629.9 |
       Dungeon |   8058 |   7449 |    609 |      0 |   5425 |  12 |  671.5 |
        Temple |    131 |    109 |     22 |      0 |    107 |   1 |  131.0 |
               +--------+--------+--------+--------+--------+-----+--------+

Top non-repeatable levels by time:
    D:11: 1460 daAuts
     D:7: 1074 daAuts
     D:6: 1067 daAuts
     D:4: 935 daAuts
    D:10: 870 daAuts
     D:5: 674 daAuts
     D:8: 610 daAuts
     D:9: 529 daAuts
    D:12: 421 daAuts
     D:2: 232 daAuts
  Temple: 131 daAuts
     D:3: 111 daAuts
     D:1: 69 daAuts
